 Dungeon Crawl Stone Soup version 0.30.0-5-g1a98f26d00 (webtiles) character file.

Game seed: 12080671526848689221

3985 cheesebisquit the Gelid (level 10, -3/63 HPs)
             Began as a Merfolk Ice Elementalist on May 11, 2023.
             Was a Follower of Vehumet.
             Slain by a vampire (10 damage)
             ... on level 9 of the Dungeon.
             The game lasted 00:30:17 (9693 turns).

cheesebisquit the Gelid (Merfolk Ice Elementalist)  Turns: 9693, Time: 00:30:18

Health: -3/63      AC: 11    Str:  8    XL:     10   Next: 22%
Magic:  12/13      EV: 12    Int: 26    God:    Vehumet [*.....]
Gold:   37         SH:  0    Dex: 14    Spells: 2/13 levels left

rFire   . . .        p - +6 spear
rCold   . . .        (no shield)
rNeg    . . .        D - +1 troll leather armour
rPois   .            I - +2 hat {Int+3}
rElec   .            v - +1 cloak
rCorr   .            A - +1 pair of gloves
SInv    .            (no boots)
Will    +....        a - amulet "Dipiedic" {Faith Int+3}
Stlth   ++           g - ring of wizardry
HPRegen 1.10/turn    t - ring of willpower
MPRegen 0.13/turn

%: faith, wizardry (x1)
@: no status effects
A: (nimble swimmer 2), mertail
a: Renounce Religion


You were on level 9 of the Dungeon.
You worshipped Vehumet.
Vehumet was aware of your devotion.
You visited 2 branches of the dungeon, and saw 10 of its levels.

You collected 331 gold pieces.
You spent 294 gold pieces at shops.

Inventory:

Hand Weapons
 h - a +1 whip of venom
 p - a +6 spear (weapon)
Missiles
 k - a throwing net
 F - 12 poisoned darts
 J - a curare-tipped dart
Armour
 v - a +1 cloak (worn)
 A - a +1 pair of gloves (worn)
 D - a +1 troll leather armour (worn)
 I - a +2 hat of intelligence (worn)
Magical Staves
 y - a staff of cold
Jewellery
 a - the amulet "Dipiedic" (around neck) {Faith Int+3}
   (You found it on level 7 of the Dungeon)

   [amulet of faith]

   It allows you to gain divine favour quickly.
   Int:       It affects your intelligence (+3).
 g - a ring of wizardry (left hand)
 o - a ring of protection from cold
 t - a ring of willpower (right hand)
 C - an amulet of reflection
 K - an amulet of the acrobat
Wands
 f - a wand of mindburst (10)
 r - a wand of paralysis (3)
Scrolls
 c - a scroll of blinking {unknown}
 q - 3 scrolls of teleportation
 u - 3 scrolls of fog
 w - a scroll of silence
 x - a scroll of amnesia {unknown}
 B - a scroll of vulnerability {unknown}
 H - a scroll of poison {unknown}
Potions
 b - a potion of magic
 d - a potion of heal wounds
 e - 3 potions of ambrosia
 i - 3 potions of curing
 j - 3 potions of invisibility
 l - a potion of berserk rage {unknown}
 m - 2 potions of brilliance
 n - 3 potions of flight
 s - 2 potions of attraction {unknown}
 z - a potion of lignification {unknown}
 E - 3 potions of mutation
 G - a potion of resistance {unknown}


   Skills:
 - Level 2.6 Dodging
 - Level 2.1 Stealth
 - Level 2.0 Spellcasting
 + Level 16.0 Ice Magic


You had 2 spell levels left.
You knew the following spells:

 Your Spells              Type           Power      Damage    Failure   Level
a - Freeze                Ice            100%       1d10      0%          1
b - Summon Ice Beast      Ice/Summ       44%        N/A       2%          4
x - Frozen Ramparts       Ice            100%       1d16      1%          3
z - Ozocubu's Armour      Ice            72%        N/A       1%          3

Your spell library contained the following spells:

 Spells                   Type           Power      Damage    Failure   Level
 Sandblast                Erth           4%         2d4       6%          1
 Foxfire                  Conj/Fire      8%         2x1d4     6%          1
 Shock                    Conj/Air       8%         1d3       6%          1
 Sublimation of Blood     Necr           2%         N/A       9%          2
 Swiftness                Air            2%         N/A       17%         3
 Airstrike                Air            1%         2d(1-17)  50%         4
 Petrify                  Tmut/Erth      2%         N/A       50%         4
 Fireball                 Conj/Fire      1%         3d3       82%         5
 Irradiate                Conj/Tmut      1%         3d12      82%         5
 Plasma Beam              Fire/Air       1%         2x1d12    100%        6
 Starburst                Conj/Fire      1%         6d3       100%        6


Dungeon Overview and Level Annotations

Branches:
Dungeon (9/15)             Temple (1/1) D:6
   Lair: D:8-11         Orc: D:9-12

Altars:
Ashenzari
Cheibriados
Dithmenos
Elyvilon
Fedhas
Gozag
Hepliaklqana
Kikubaaqudgha
Makhleb
Nemelex Xobeh
Okawaru
Qazlal
Ru
Sif Muna
Trog
Uskayaw
Vehumet
Wu Jian
Xom
Yredelemnul
Zin
The Shining One

Shops:
D:8 [[

Annotations:
D:9 Maggie


Innate Abilities, Weirdness & Mutations

((You are very nimble when in or above water. (Stealth+, EV+, Speed+++)))
Your lower body shifts to a powerful aquatic tail in water.


Message History

HP restored.
You start resting.
Magic restored.
You climb downwards.
Level annotation: Maggie
There is a stone staircase leading up here.
Maggie casts a spell.
Maggie attempts to bespell you! You resist with almost no effort.
You hit Maggie but do no damage. Maggie misses you.
A vampire comes into view.
You barely miss Maggie. You punch Maggie, but do no damage.
Maggie hits you with a +1 long sword of protection!
You hit Maggie.
Maggie is lightly wounded.
Maggie mumbles some strange words.
Maggie attempts to bespell you! You resist with almost no effort.
A wyvern comes into view.
Maggie closely misses you.
Aiming: Freeze (safe; 0% risk of failure)
Press: ? - help, Q - select action, (/) - cycle Shift-Dir - straight line, f - Maggie
Aim: Maggie, wielding a +1 long sword of protection and wearing +0 steam dragon scales (lightly wounded)
You freeze Maggie.
Maggie is lightly wounded.
Maggie casts a spell.
Maggie attempts to bespell you! You resist with almost no effort.
The vampire mumbles some strange words.
The vampire flickers and vanishes!
Deactivating autopickup; reactivate with Ctrl-A.
Maggie attacks as you move away!
Maggie hits you with a +1 long sword of protection.
Maggie points at you and mumbles some strange words.
The bolt of fire hits you!! Something hits you.
Something bites you but does no damage.
There is a stone staircase leading up, spattered with blood here.
Maggie says, "Leave now, and tell all of Margery's mercy!"
Maggie casts a spell at you. The bolt of fire hits you!!
* * * LOW HITPOINT WARNING * * *
Something hits you!
You die...

##....#.#...........
....................
#..)....(........
#...#............
##.........†......
#...>#l............
.(.##.#@#...........
## #..........#....
##{@.#..........
...........##.#### #
....#####.## ..# ...
#.# ...# ## ... ##..
<## .#


You could see Maggie and a wyvern.

Vanquished Creatures
  A troll (D:6)
  A shadow (D:8)
  3 yaks (D:5)
  A water moccasin (D:6)
  2 ice beasts
  A sky beast (D:7)
  3 centaurs
  4 phantoms
  A kobold brigand (D:8)
  2 bullfrogs
  A gnoll sergeant (D:7)
  A scorpion (D:6)
  13 wights
  5 killer bees (D:7)
  2 howler monkeys (D:9)
  6 hounds
  2 jellies
  3 orc priests
  2 gnoll boudas
  A sleepcap (D:5)
  7 iguanas
  An orc wizard (D:5)
  Terence (D:2)
  17 gnolls
  7 adders
  2 shadow imps
  3 white imps
  2 ufetubi
  2 worms
  2 dart slugs (D:3)
  6 orcs
  9 ball pythons
  3 endoplasms
  4 giant cockroaches
  8 goblins
  6 hobgoblins
  2 jackals (D:5)
  11 kobolds
  3 quokkas
  4 bats
  4 frilled lizards
  3 rats
162 creatures vanquished.

Notes
Turn   | Place    | Note
-------+----------+-------------------------------------------
     0 | D:1      | cheesebisquit the Merfolk Ice Elementalist began the quest
                  | for the Orb.
     0 | D:1      | Reached XP level 1. HP: 13/13 MP: 3/3
   181 | D:1      | Reached XP level 2. HP: 19/19 MP: 1/5
   334 | D:1      | Reached skill level 5 in Ice Magic
  1120 | D:1      | Reached XP level 3. HP: 24/24 MP: 6/6
  1175 | D:2      | Found a stormy altar of Qazlal.
  1417 | D:2      | Noticed Terence
  1425 | D:2      | Killed Terence
  1486 | D:2      | Reached skill level 6 in Ice Magic
  1486 | D:2      | Reached XP level 4. HP: 27/30 MP: 4/7
  1573 | D:2      | Found a faded altar of an unknown god.
  2328 | D:3      | Found a hazy altar of Hepliaklqana.
  2372 | D:3      | Reached XP level 5. HP: 20/35 MP: 0/8
  2825 | D:3      | Found an ancient bone altar of Kikubaaqudgha.
  2894 | D:4      | Reached skill level 7 in Ice Magic
  3313 | D:4      | Reached XP level 6. HP: 23/41 MP: 4/9
  3427 | D:4      | Reached skill level 8 in Ice Magic
  3550 | D:4      | Found a shimmering altar of Xom.
  4019 | D:5      | Entered Level 5 of the Dungeon
  4175 | D:5      | Reached XP level 7. HP: 46/46 MP: 6/10
  4185 | D:5      | Reached skill level 9 in Ice Magic
  4246 | D:5      | Learned a level 3 spell: Frozen Ramparts
  4250 | D:5      | Learned a level 3 spell: Ozocubu's Armour
  4442 | D:5      | Reached skill level 10 in Ice Magic
  4948 | D:5      | Noticed a yak
  4948 | D:5      | Noticed a yak
  4951 | D:5      | Noticed a yak
  4952 | D:5      | Found a large runed translucent door.
  4953 | D:5      | Found a large runed translucent door.
  4961 | D:5      | Reached XP level 8. HP: 46/52 MP: 4/11
  5328 | D:5      | Killed a yak
  5328 | D:5      | Killed a yak
  5329 | D:5      | Reached skill level 11 in Ice Magic
  5338 | D:5      | Killed a yak
  5339 | D:5      | Reached skill level 12 in Ice Magic
  5402 | D:5      | Found a glowing silver altar of Zin.
  5457 | D:5      | Found a stormy altar of Qazlal.
  5770 | D:6      | Reached XP level 9. HP: 43/57 MP: 5/12
  6107 | D:6      | Found a blossoming altar of Fedhas.
  6113 | D:6      | Reached skill level 13 in Ice Magic
  6225 | D:6      | Noticed a troll
  6236 | D:6      | Killed a troll
  6424 | D:6      | Reached skill level 14 in Ice Magic
  6761 | D:6      | Found a staircase to the Ecumenical Temple.
  6770 | Temple   | Entered the Ecumenical Temple
  6925 | Temple   | Became a worshipper of Vehumet
  7317 | D:7      | Identified the amulet "Dipiedic" {Faith Int+3}
  8221 | D:7      | Reached skill level 15 in Ice Magic
  8314 | D:7      | Reached * piety under Vehumet
  8314 | D:7      | Offered knowledge of Sandblast by Vehumet.
  8320 | D:7      | Learned a level 4 spell: Summon Ice Beast
  8441 | D:7      | Reached XP level 10. HP: 51/54 MP: 6/13
  8793 | D:8      | Found a bloodstained altar of Trog.
  8816 | D:8      | Found Ferghepsu's Armour Shop.
  8824 | D:8      | Bought a +2 hat of intelligence for 294 gold pieces
  9361 | D:8      | Found Dorozxeh's Antique Armour Boutique.
  9648 | D:9      | Reached skill level 16 in Ice Magic
  9655 | D:9      | Noticed Maggie
  9693 | D:9      | Slain by a vampire

Illustrated notes

Levels and vault maps discovered:
D:1:      lemuel_arrival_cross, layout_basic, roderic_serpentine_path
D:2:      layout_basic, basic_altar, basic_ecumenical_altar, uniq_terence
D:3:      layout_loops_ring, lemuel_coloured_pillars_altar,
          mainiacjoe_overflow_alcove_4
D:4:      layout_layer_cave, mainiacjoe_overflow_chevrons
D:5:      layout_rooms, jmf_multi_god_temple2
D:6:      layout_loops_ring, mainiacjoe_overflow_concentric_impassable,
          lemuel_temple_firewalk_a
D:7:      layout_gridville
D:8:      layout_basic, trog_three_pillars_becter, serial_shops,
          nicolae_shop_peninsula, shop, enter_bailey_4
D:9:      layout_rooms, minmay_statues_item, uniq_amaemon, uniq_maggie
Temple:   nicolae_temple_bog_church

Skill      XL: |  1  2  3  4  5  6  7  8  9 10 |
---------------+-------------------------------+-----
Ice Magic      | 5 6 7 8 10 12 15 16 | 16.0
Dodging        | |  2.6
Stealth        | |  2.1
Spellcasting   | |  2.0

Action                     |  1- 3 |  4- 6 |  7- 9 | 10-12 || total
---------------------------+-------+-------+-------+-------++-------
  Melee: Spear             |    24 |    60 |   255 |    52 ||   391
         Punch             |       |       |     4 |     2 ||     6
   Cast: Freeze            |    38 |    70 |    11 |    12 ||   131
         Frozen Ramparts   |       |       |    42 |     7 ||    49
         Ozocubu's Armour  |       |       |    33 |     6 ||    39
    Use: Potion            |       |     1 |     2 |       ||     3
         Scroll            |       |       |    11 |     4 ||    15
   Stab: Sleeping          |     6 |     9 |     2 |       ||    17
 Armour: Robe              |     6 |     8 |    55 |       ||    69
         Troll leather arm |       |       |    43 |    30 ||    73
  Dodge: Dodged            |    20 |    49 |   138 |    33 ||   240
  Block: Other             |       |       |    32 |       ||    32
         Reflection        |       |       |     1 |       ||     1
